 Dungeon Crawl Stone Soup version 0.29-a0-322-g68df515428 (webtiles) character file.

Game seed: 17508190705526934606

11010 jmlagarto the Blocker (level 11, -3/104 HPs)
             Began as a Deep Dwarf Fighter on Apr 5, 2022.
             Was an Elder of Ignis.
             Slain by a cane toad (7 damage)
             ... on level 2 of the Lair of Beasts.
             The game lasted 00:20:07 (8965 turns).

jmlagarto the Blocker (Deep Dwarf Fighter)          Turns: 8965, Time: 00:20:08

Health: -3/104     AC: 12    Str: 24    XL:     11   Next: 43%
Magic:  0/0        EV: 13    Int:  9    God:    Ignis [****..]
Gold:   443        SH:  0    Dex: 12    Spells: 10/10 levels left

rFire   + + .      SeeInvis .   Q - +3 war axe (venom)
rCold   . . .      Faith    .   c - +0 buckler
rNeg    . . .      Spirit   .   b - +0 scale mail
rPois   .          Reflect  +   r - +1 hat
rElec   .          Harm     .   h - +1 cloak
rCorr   .          Rampage  .   (no gloves)
Will    +....                   (no boots)
Stlth   ..........              G - amulet of reflection
HPRegen 0.00/turn               a - ring of protection from fire
MPRegen 0.07/turn               o - +4 ring of evasion

@: confused, lethally poisoned (-3 -> -8), ambrosia-drunk
A: damage resistance, heal wounds, sense surroundings 2, no regeneration
a: Heal Wounds, Renounce Religion, Fiery Armour, Foxfire Swarm, Rising Flame


You were on level 2 of the Lair of Beasts.
You worshipped Ignis.
Ignis was greatly pleased with you.
You visited 2 branches of the dungeon, and saw 10 of its levels.
You also visited: Ossuary.

You collected 670 gold pieces.
You spent 227 gold pieces at shops.

Inventory:

Hand Weapons
 u - a +2 vampiric trident
 Q - a +3 war axe of venom (weapon)
 T - the +2 dagger "Concordance" {pain, Str+9}
   (You found it on level 1 of the Lair of Beasts)

   In the hands of one skilled in necromantic magic, it inflicts extra damage on
   living creatures.
   Str:       It affects your strength (+9).
Missiles
 f - 11 poisoned darts (quivered)
 B - 3 silver boomerangs
 H - 3 atropa-tipped darts
 P - a curare-tipped dart
Armour
 b - a +0 scale mail (worn)
 c - a +0 buckler (worn)
 h - a +1 cloak (worn)
 p - the +0 robe "Faocs" {Regen+ SInv}
   (You found it on level 2 of the Dungeon)

   SInv:      It lets you see invisible.
   Regen:     It increases your rate of health regeneration.
 r - a +1 hat (worn)
Jewellery
 a - a ring of protection from fire (left hand)
 i - a ring of protection from fire
 o - a +4 ring of evasion (right hand)
 v - a ring of positive energy
 D - a ring of wizardry
 G - an amulet of reflection (around neck)
 R - a ring of protection from cold
 U - a ring of flight
Wands
 y - a wand of mindburst (24)
 z - a wand of flame (16)
 F - a wand of polymorph (5)
 K - a wand of digging (9)
 M - a wand of iceblast (4)
 O - a wand of paralysis (9)
Scrolls
 e - 4 scrolls of teleportation
 j - a scroll of fog
 k - 2 scrolls of noise {unknown}
 l - a scroll of magic mapping {unknown}
 m - a scroll of vulnerability {unknown}
 n - 3 scrolls of enchant armour
 s - a scroll of immolation {unknown}
 t - 2 scrolls of brand weapon
 I - 2 scrolls of fear
 J - a scroll of amnesia {unknown}
 L - 2 scrolls of holy word
 S - 2 scrolls of blinking {unknown}
Potions
 d - 2 potions of might
 q - a potion of degeneration {unknown}
 w - a potion of berserk rage {unknown}
 x - a potion of cancellation {unknown}
 A - a potion of curing {unknown}
 C - 5 potions of lignification
 E - 3 potions of mutation
 N - a potion of resistance


   Skills:
 + Level 8.3 Fighting
 + Level 9.6 Axes
 + Level 10.0 Armour
 - Level 0.2 Dodging
 + Level 10.0 Shields
 + Level 8.5 Evocations


You had 10 spell levels left.
You didn't know any spells.
Your spell library contained the following spells:

 Spells                   Type           Power      Damage    Failure   Level
 Call Canine Familiar     Summ           0%         N/A       97%         3
 Ozocubu's Armour         Ice            0%         N/A       97%         3
 Portal Projectile        Hex/Tloc       0%         N/A       97%         3
 Tukima's Dance           Hex            0%         N/A       97%         3
 Leda's Liquefaction      Hex/Erth       0%         N/A       100%        4
 Passage of Golubria      Tloc           0%         N/A       100%        4
 Summon Ice Beast         Ice/Summ       0%         N/A       100%        4
 Metabolic Englaciation   Hex/Ice        0%         N/A       100%        5
 Summon Mana Viper        Hex/Summ       0%         N/A       100%        5
 Yara's Violent Unravell  Hex/Tmut       0%         3d3       100%        5
 Simulacrum               Ice/Necr       0%         N/A       100%        6
 Monstrous Menagerie      Summ           0%         N/A       100%        7


Dungeon Overview and Level Annotations

Branches:
Dungeon (8/15)             Temple (0/1) D:6            Lair (2/6) D:8
Ossuary (visited)
  Swamp: Lair:2-4    Shoals: Lair:2-4     Snake: Lair:2-4    Spider: Lair:2-4

Altars:
Cheibriados
Fedhas
Ignis

Shops:
D:5 ::   D:8 (

Annotations:
Lair:2 3 runed translucent doors, exclusion: oklob plant, Evawkocs's ghost, journeyman MyWr; Oprisoten's ghost, journeyman HOFi; wakim's ghost, journeyman TeAE


Innate Abilities, Weirdness & Mutations

You are resistant to damage.
You can heal yourself by infusing magical energy.
You passively map the area around you.
You do not regenerate.


Message History

The cane toad is heavily wounded.
You hit the cane toad. You block the cane toad's attack. x2
You closely miss the cane toad.
The cane toad is heavily wounded.
You closely miss the cane toad. The cane toad completely misses you.
The cane toad stings you. The cane toad closely misses you.
You barely miss the cane toad.
The cane toad is heavily wounded.
You closely miss the cane toad. You block the cane toad's attack. x2
The cane toad stings you!!
* * * LOW HITPOINT WARNING * * *
You closely miss the cane toad.
The cane toad is heavily wounded.
You hit the cane toad but do no damage. The cane toad stings you!
* * * LOW HITPOINT WARNING * * *
You block the cane toad's attack.
You barely miss the cane toad.
The cane toad is heavily wounded.
You hit the cane toad but do no damage.
The cane toad is poisoned.
You block the cane toad's attack.
The cane toad stings you but does no damage.
The cane toad closely misses you.
You barely miss the cane toad.
The cane toad is heavily wounded.
You closely miss the cane toad. The cane toad stings you.
You are poisoned.
The cane toad poisons you! You block the cane toad's attack.
You slash the cane toad!
The cane toad is almost dead.
You hit the cane toad. The cane toad stings you!
* * * LOW HITPOINT WARNING * * *
The cane toad misses you. x2
You are confused.
You feel invigorated.
The cane toad stings you but does no damage. x2
You bump into the closed door.
The cane toad stings you!
* * * LOW HITPOINT WARNING * * *
You are lethally poisoned!
The cane toad poisons you! The cane toad stings you!
You die...

.#..............#P.#P...P........
......B..........................
....B....................#..+....
##+++####...................#....
WW.....♣#........................
.......⌠#.....#......... , ,....
.......♣##P.#.#........., ##+P
.......?# ##..#+#....##+ ....
8.....8## #.#...@F......, ...P
#})8?.# ###....F...... ,....
######### ##............ , ....
......#.###.#..........., ,...,
)....................... ,, ..,
.#.#...#.####PP####..... , , *
..###.#..## #### ####. ,, * .##
###...# *, , .# #..## ,,, ,


You could see 2 cane toads.

Vanquished Creatures
  Gastronok (Lair:2)
  A hydra (Lair:1)
  A boulder beetle (Lair:2)
  A centaur warrior (D:8)
  Pikel (D:5)
  An ugly thing (D:8)
  A black mamba (Lair:2)
  An unseen horror (D:8)
  A cane toad (Lair:1)
  Psyche (D:8)
  2 komodo dragons
  A troll (D:7)
  A hornet (D:8)
  5 yaks (D:8)
  Sigmund (D:5)
  A wyvern (D:8)
  A vampire (D:8)
  A steam dragon (D:7)
  11 water moccasins
  2 ice beasts (D:7)
  6 centaurs
  A phantom (D:4)
  2 lemures (D:5)
  A kobold brigand (D:7)
  A necrophage (D:8)
  A scorpion (D:6)
  A gnoll sergeant (D:7)
  2 elf zombies (Ossuary)
  4 bullfrogs
  A wight (D:8)
  7 killer bees (D:8)
  A howler monkey (D:6)
  2 centaur zombies (Ossuary)
  3 jellies
  A gnoll shaman (D:5)
  3 human zombies (Ossuary)
  2 orc priests
  Ijyb (D:4)
  2 iguanas (D:5)
  6 orc wizards
  6 hell rats (Lair:1)
  Natasha (twice) (D:2)
  2 mummies (Ossuary)
  4 adders
  9 gnolls
  2 shadow imps (D:6)
  3 ufetubi
  2 adder zombies (Ossuary)
  3 worms
  A dart slug (D:1)
  20 orcs
  6 ball pythons
  4 endoplasms
  5 giant cockroaches
  8 goblins
  4 hobgoblins
  9 jackals
  A quokka (D:3)
  6 bats
  6 frilled lizards
  6 hobgoblin zombies (Ossuary)
  2 jackal zombies (Ossuary)
  18 kobolds
  9 kobold zombies (Ossuary)
  10 orc zombies (Ossuary)
  12 rats
  2 rat zombies
246 creatures vanquished.

Vanquished Creatures (others)
  Maggie (D:7)
  An orc wizard (D:3)
  A fungus (Lair:1)
  15 plants
  13 toadstools (Lair:2)
31 creatures vanquished.

Grand Total: 277 creatures vanquished

Notes
Turn   | Place    | Note
-------+----------+-------------------------------------------
     0 | D:1      | jmlagarto the Deep Dwarf Fighter began the quest for the
                  | Orb.
     0 | D:1      | Reached XP level 1. HP: 20/20 MP: 1/1
   223 | D:1      | Reached XP level 2. HP: 18/27 MP: 2/2
   460 | D:1      | Found a faded altar of an unknown god.
   471 | D:1      | Prayed at the altar of an unknown god.
   471 | D:1      | Became a worshipper of Ignis, the Dying Flame
   574 | D:1      | Reached XP level 3. HP: 31/34 MP: 3/3
  1169 | D:2      | Noticed Natasha
  1182 | D:2      | Killed Natasha
  1213 | D:2      | Reached XP level 4. HP: 26/42 MP: 4/4
  1406 | D:2      | Identified the +0 robe "Faocs" {Regen+ SInv}
  1481 | D:2      | Noticed Natasha
  1490 | D:2      | Killed Natasha
  1870 | D:3      | Found a glowing drain.
  2128 | D:3      | Reached XP level 5. HP: 37/49 MP: 5/5
  2802 | D:4      | Noticed a phantom
  2830 | D:4      | Killed a phantom
  2831 | D:4      | Reached XP level 6. HP: 33/57 MP: 6/6
  3082 | D:4      | Noticed Ijyb
  3089 | D:4      | Killed Ijyb
  3524 | D:5      | Entered Level 5 of the Dungeon
  3524 | D:5      | Found Tios's Book Shop.
  3628 | D:5      | Reached skill level 5 in Armour
  3629 | D:5      | Reached skill level 5 in Shields
  3659 | D:5      | Noticed Pikel
  3672 | D:5      | Killed Pikel
  3673 | D:5      | Reached skill level 5 in Axes
  3673 | D:5      | Reached XP level 7. HP: 41/66 MP: 6/6
  3849 | D:5      | Noticed Sigmund
  3857 | D:5      | Killed Sigmund
  3858 | D:5      | Reached skill level 5 in Fighting
  3858 | D:5      | Reached XP level 8. HP: 45/74 MP: 7/7
  4366 | D:5      | Found Asebush's Book Shoppe.
  4467 | D:6      | Found a sand-covered staircase.
  4478 | Ossuary  | Entered an ossuary
  4919 | D:6      | Reached skill level 1 in Evocations
  5692 | D:7      | Gained mutation: You passively map the area around you.
                  | [Deep Dwarf growth]
  5692 | D:7      | Reached XP level 9. HP: 59/82 MP: 7/7
  5757 | D:7      | Noticed Maggie
  5770 | D:7      | Killed Maggie
  5970 | D:7      | Noticed a troll
  5982 | D:7      | Killed a troll
  6024 | D:7      | You fall into a shaft and drop 1 floor!
  6026 | D:8      | Noticed a centaur warrior
  6027 | D:8      | Noticed a red ugly thing
  6043 | D:8      | Killed a red ugly thing
  6044 | D:8      | Reached skill level 5 in Evocations
  6056 | D:8      | Killed an unseen horror
  6057 | D:8      | Reached XP level 10. HP: 18/92 MP: 6/6
  6060 | D:8      | Killed a centaur warrior
  6264 | D:8      | Found a staircase to the Lair.
  6577 | D:8      | Found Taham's Antique Weapon Emporium.
  6586 | D:8      | Bought a runed war axe for 227 gold pieces
  6734 | D:8      | Found a snail-covered altar of Cheibriados.
  6839 | D:8      | Noticed Psyche
  6857 | D:8      | Killed Psyche
  7078 | Lair:1   | Entered Level 1 of the Lair of Beasts
  7164 | Lair:1   | Identified the +2 dagger "Concordance" {pain, Str+9}
  7450 | Lair:1   | Noticed an eight-headed hydra
  7467 | Lair:1   | Killed a 20-headed hydra
  7468 | Lair:1   | Reached XP level 11. HP: 62/103 MP: 1/1
  8027 | Lair:2   | Noticed Gastronok
  8169 | Lair:2   | Killed Gastronok
  8232 | Lair:2   | Found a runed translucent gate.
  8233 | Lair:2   | Found a runed translucent gate.
  8234 | Lair:2   | Found a runed translucent gate.
  8235 | Lair:2   | Noticed Evawkocs's ghost (journeyman MyWr)
  8235 | Lair:2   | Noticed Oprisoten's ghost (journeyman HOFi)
  8237 | Lair:2   | Noticed wakim's ghost (journeyman TeAE)
  8547 | Lair:2   | Found a blossoming altar of Fedhas.
  8564 | Lair:2   | Noticed an oklob plant
  8631 | Lair:2   | Noticed a boulder beetle
  8657 | Lair:2   | Killed a boulder beetle
  8658 | Lair:2   | Reached skill level 10 in Armour
  8658 | Lair:2   | Reached skill level 10 in Shields
  8965 | Lair:2   | HP: 4/104 [cane toad (11)]
  8965 | Lair:2   | Slain by a cane toad

Illustrated notes

Levels and vault maps discovered:
D:1:      lemuel_arrival_funnel, layout_loops_corners,
          shapermc_ecumenical_altar_starsandcircs
D:2:      layout_basic, serial_park_tiny_1, uniq_natasha
D:3:      layout_basic, gup_sewer_entry_glass, serial_bayou,
          serial_bayou_lagoon_a, serial_bayou_shore_a, serial_bayou_shore_b,
          serial_bayou_pond_e, serial_bayou_pond_e
D:4:      layout_basic, kennysheep_cross_bottleneck, uniq_ijyb
D:5:      layout_basic, serial_shops, shop_coins, nicolae_shop_crystal,
          nicolae_concentric_dashed_squares_mild, uniq_sigmund, uniq_pikel
D:6:      layout_layer_cave, minmay_temple_entry_from_below_a, enter_ossuary_3,
          minmay_microvault
D:7:      nicolae_cairo_tiling_large_dashed, layout_rooms, uniq_maggie
D:8:      minmay_ornate_pinched, layout_gridville, chei_slow_surprise,
          lair_entry_dummy, serial_shops, shop, uniq_psyche
Lair:1:   layout_loops_ring, serial_bayou_shore_b
Lair:2:   layout_chaotic_city, gammafunk_ghost_cemetery, tgw_fedhas,
          uniq_gastronok

Skill      XL: |  1  2  3  4  5  6  7  8  9 10 11 |
---------------+----------------------------------+-----
Fighting       | 3 4 5 6 7 8 |  8.3
Axes           | 3 5 6 7 9 |  9.6
Armour         | 4 5 6 7 8 9 10 | 10.0
Shields        | 4 5 6 7 8 9 10 | 10.0
Evocations     | 2 5 7 8 |  8.5
Dodging        | |  0.2

Action                   |  1- 3 |  4- 6 |  7- 9 | 10-12 || total
-------------------------+-------+-------+-------+-------++-------
Melee: War axe           |   117 |   188 |   290 |   243 ||   838
       Unarmed           |       |       |       |    14 ||    14
Throw: Dart              |       |       |       |     4 ||     4
Invok: Fiery Armour      |       |     2 |     2 |       ||     4
 Abil: Heal Wounds       |     1 |     3 |    10 |    10 ||    24
Evoke: Wand              |       |       |       |     5 ||     5
  Use: Scroll            |     1 |     3 |     5 |     4 ||    13
       Potion            |       |       |     2 |     6 ||     8
 Stab: Paralysed         |       |       |       |    12 ||    12
Armor: Scale mail        |    72 |    95 |   125 |    87 ||   379
Dodge: Dodged            |    73 |   137 |   169 |   126 ||   505
Block: Buckler           |    37 |    50 |   146 |   159 ||   392
       Reflection        |       |       |     3 |     1 ||     4

Table legend: (Time is in decaauts)
 A = Elapsed time spent in this place.
 B = Non-inter-level travel time spent in this place.
 C = Inter-level travel time spent in this place.
 D = Time resting spent in this place.
 E = Time spent auto-exploring this place.
 F = Levels seen in this place.
 G = Mean time per level.
                   A        B        C        D        E       F      G
               +--------+--------+--------+--------+--------+-----+--------+
         Total |   9172 |   8753 |    419 |    787 |   6055 |  11 |  833.8 |
       Dungeon |   6989 |   6588 |    401 |    257 |   4918 |   8 |  873.6 |
          Lair |   1901 |   1883 |     18 |    530 |   1037 |   2 |  950.5 |
       Ossuary |    282 |    282 |      0 |      0 |    100 |   1 |  282.0 |
               +--------+--------+--------+--------+--------+-----+--------+

Top non-repeatable levels by time:
  Lair:1: 1135 daAuts
     D:1: 1046 daAuts
     D:3: 973 daAuts
     D:6: 968 daAuts
     D:5: 932 daAuts
     D:2: 878 daAuts
     D:8: 832 daAuts
  Lair:2: 765 daAuts
     D:4: 748 daAuts
     D:7: 608 daAuts
 Ossuary: 282 daAuts
